 Dungeon Crawl Stone Soup version 0.17-a0-1793-gcbb3aa1 (console) character file.

45 Illiel the Sneak (level 3, 0/21 HPs)
             Began as a High Elf Enchanter on Sept 10, 2015.
             Was an Initiate of Okawaru.
             Slain by a hound (3 damage)
             ... on level 1 of the Dungeon.
             The game lasted 00:08:59 (1324 turns).

Illiel the Sneak (High Elf Enchanter)               Turns: 1324, Time: 00:09:00

Health: 0/21       AC:  3    Str:  7    XL:     3   Next: 42%
Magic:  0/7        EV: 13    Int: 19    God:    Okawaru [......]
Gold:   139        SH:  0    Dex: 16    Spells: 3 memorised, 0 levels left

rFire  . . .     SeeInvis .     a - +1 dagger
rCold  . . .     Clarity  .     b - +1 robe
rNeg   . . .     SustAt   .     (no shield)
rPois  .         Gourm    .     (no helmet)
rElec  .         Spirit   .     (no cloak)
rCorr  .         Warding  .     (no gloves)
rMut   .         Stasis   .     (no boots)
MR     .....                    (no amulet)
Stlth  +++.......               (no ring)
                                m - ring of invisibility

@: very slightly contaminated, invisible (expiring), not resistant to hostile
enchantments, fairly stealthy
A: no striking features
a: Renounce Religion


You were on level 1 of the Dungeon.
You worshipped Okawaru.
Okawaru was noncommittal.
You were hungry.

You visited 1 branch of the dungeon, and saw 2 of its levels.

You collected 139 gold pieces.

Inventory:

Hand weapons
 a - a +1 dagger (weapon)
 j - a +0 falchion
Missiles
 k - 24 arrows
Armour
 b - a +1 robe (worn)
Jewellery
 m - a ring of invisibility (left hand)
Scrolls
 e - a scroll of fog {unknown}
 f - a scroll of remove curse {unknown}
 i - a scroll of teleportation {unknown}
 l - 2 scrolls of magic mapping {unknown}
 n - a scroll of amnesia {unknown}
 o - a scroll of identify {unknown}
Potions
 h - a potion of invisibility
Books
 c - a book of Maledictions

   Spells                             Type                      Level
   a - Corona                         Hexes                        1
   b - Ensorcelled Hibernation        Hexes/Ice                    2
   c - Confuse                        Hexes                        3
   d - Tukima's Dance                 Hexes                        3
   e - Dazzling Spray                 Conjuration/Hexes            3
Comestibles
 d - 5 bread rations
 p - 2 chunks of flesh


   Skills:
 + Level 3.0 Short Blades
 - Level 2.1 Dodging
 + Level 4.2 Stealth
 - Level 2.4 Spellcasting
 - Level 3.0 Hexes
 * Level 0.4 Evocations


You couldn't memorise any spells.
You knew the following spells:

 Your Spells              Type           Power        Failure   Level  Hunger
a - Corona                Hex            ##.....      6%          1    #......
i - Confuse               Hex            ##......     14%         3    ###....
j - Ensorcelled Hibernat  Hex/Ice        #.....       14%         2    ##.....


Dungeon Overview and Level Annotations

Branches:
Dungeon (2/15)

Altars:
Okawaru

Annotations:
D:2 Natasha


Message History

The hound bites you.
You see here a stone.
Things that are here:
2 stones; a club The hound bites you but does no damage.
You flicker for a moment.
The hound bites you.
* * * LOW HITPOINT WARNING * * *
Casting: Ensorcelled Hibernation
Confirm with . or Enter, or press ? or * to list all spells.
Aiming: Ensorcelled Hibernation
Press: ? - help, Shift-Dir - straight line, f/p - hound
Aim: a hound (chance to defeat MR: 48%)
The hound looks drowsy...
You are feeling hungry.
The helpless hound fails to defend itself.
You impale the hound!!
The hound is almost dead.
The hound bites you.
You die...

▒ ▒ ▒▒▒▒ ▒ ▒[∙∙ ▒ ▒∙▒▒ ▒▒▒▒▒▒▒▒▒
▒∙▒ ∙∙∙∙∙∙∙∙▒ ▒∙▒ ∙∙▒▒▒▒▒∙▒
▒▒▒▒▒▒▒▒▒▒▒▒▒∙▒▒ ▒∙▒ ▒∙▒
▒∙∙∙∙∙∙∙∙∙∙∙∙∙∙∙ ▒∙▒ ▒∙▒
▒▒∙▒▒▒▒▒▒▒▒∙∙∙∙∙∙ ▒∙▒▒▒ ▒∙▒
▒∙∙∙∙∙∙∙∙∙∙∙▒∙∙▒▒
∙∙∙∙▒▒▒∙▒▒▒▒▒▒▒▒▒K∙▒▒▒▒▒▒▒▒∙▒∙∙∙∙
▒∙∙∙∙∙∙∙∙∙∙∙∙∙∙∙@∙∙▒ ▒∙▒∙▒▒▒
∙∙∙∙∙∙∙∙▒▒▒▒▒▒▒▒▒h▒▒ ▒▒∙▒∙▒
▒▒▒∙▒▒▒∙▒ ▒∙▒ ▒∙∙▒∙▒ ▒ ▒▒▒▒▒▒▒
▒∙▒ ▒∙▒▒∙▒ ▒ ▒∙∙∙∙∙▒ ▒(▒ ▒∙▒▒∙▒
▒▒▒>∙∙#∙▒▒▒▒▒▒▒▒▒(▒ ▒▒▒▒∙▒▒∙▒▒▒
%∙▒<∙∙#∙∙∙∙∙∙∙∙∙(∙▒ ▒∙∙∙∙∙∙∙∙∙∙
▒▒▒∙∙∙∙∙∙▒▒▒▒▒▒▒▒▒▒ ▒∙▒▒∙▒▒∙▒▒▒
▒▒▒▒▒▒▒▒▒▒ ▒∙▒▒∙∙∙∙▒ ▒▒∙▒▒
▒∙▒▒∙∙▒▒▒ ∙∙∙∙▒ ▒∙▒▒∙∙▒ ▒ ▒▒∙∙▒
▒∙▒▒∙∙▒ ▒
▒▒∙∙▒▒▒▒▒▒▒▒▒▒▒▒▒▒▒▒▒▒▒∙▒▒∙∙▒ ▒
∙∙∙∙∙∙∙∙∙∙∙∙∙∙∙∙∙∙∙∙∙∙∙∙▒▒∙∙▒▒▒▒▒
>∙∙∙∙∙∙∙∙∙▒▒▒▒▒▒▒▒▒▒▒▒▒▒▒▒∙∙∙∙∙∙∙
▒▒▒▒▒▒▒▒▒∙▒ ▒▒∙∙∙▒▒▒ ▒▒∙▒▒
▒▒▒∙▒▒▒


You could see a hound and a kobold.

Vanquished Creatures
  An adder (D:2)
  An ooze (D:1)
  7 bats
  3 giant cockroaches
  4 goblins (D:1)
  2 hobgoblins (D:2)
  4 kobolds
  A giant gecko (D:1)
  2 giant newts
  3 rats (D:1)
28 creatures vanquished.

Notes
Turn   | Place    | Note
--------------------------------------------------------------
     0 | D:1      | Illiel the High Elf Enchanter began the quest for the Orb.
     0 | D:1      | Reached XP level 1. HP: 11/11 MP: 4/4
   147 | D:1      | Reached XP level 2. HP: 13/17 MP: 3/6
   154 | D:1      | Learned a level 2 spell: Ensorcelled Hibernation
   376 | D:1      | Found an iron altar of Okawaru.
   385 | D:1      | Became a worshipper of Warmaster Okawaru
   733 | D:2      | Reached skill level 4 in Stealth
   889 | D:2      | Reached XP level 3. HP: 21/21 MP: 7/7
   954 | D:2      | Learned a level 3 spell: Confuse
  1265 | D:2      | Noticed Natasha
  1292 | D:2      | HP: 1/21 [hound (2)]
  1324 | D:1      | Slain by a hound

Vault maps used:
D:1:      dpeg_arrival_fog, okawaru_ov_weapons_minmay
D:2:      makhleb_heckhound_becter, uniq_natasha

Action                   || total
-------------------------++-------
Melee: Dagger            ||    88
 Cast: Corona            ||     2
       Ensorcelled Hiber ||    14
  Use: Potion            ||     3
 Stab: Sleeping          ||    16
  Eat: Chunk             ||     2
